[Event "December 5 Early 2023"]
[Site "https://www.chess.com"]
[Date "2023.12.05"]
[Round "5"]
[White "Baskakov, Egor"]
[Black "Lenaerts, Lennert"]
[Result "1/2-1/2"]
[Board "33"]
[TimeControl "180+1"]
[WhiteFideId "24197866"]
[BlackFideId "211435"]
[WhiteElo "2902"]
[BlackElo "2629"]
[WhiteTeam "RUS"]
[BlackTeam "BEL"]
[WhiteClock "0:01:27"]
[BlackClock "0:01:49"]

1. e4 e5 2. Nc3 Nf6 3. g3 Bc5 4. Bg2 c6 5. Nge2 d5 6. exd5 Nxd5 7. Nxd5 cxd5 8. d4 exd4 9. Nxd4 O-O 10. O-O Nc6 11. Be3 Qb6 12. Nxc6 bxc6 13. Bxc5 Qxc5 14. c3 Rb8 15. Qd2 Be6 16. Rfe1 a5 17. b3 Rfd8 18. Rac1 Qb6 19. Bf3 c5 20. Kg2 a4 21. Rb1 axb3 22. axb3 d4 23. cxd4 cxd4 24. b4 h6 25. b5 Bd5 26. Qd3 Bxf3+ 27. Qxf3 Qc5 28. Qd3 Rb6 29. Re4 Qc3 30. Qxc3 dxc3 31. Rc4 Rdb8 32. Rxc3 Rxb5 33. Rxb5 Rxb5 34. Rc8+ Kh7 1/2-1/2

[Event "December 5 Early 2023"]
[Site "https://www.chess.com"]
[Date "2023.12.05"]
[Round "5"]
[White "Skliarov, Viktor"]
[Black "Rakhmanov, Aleksandr"]
[Result "0-1"]
[Board "34"]
[TimeControl "180+1"]
[WhiteFideId "14106736"]
[BlackFideId "4173708"]
[WhiteElo "2629"]
[BlackElo "2899"]
[WhiteTeam "UKR"]
[BlackTeam "FID"]
[WhiteClock "0:00:04"]
[BlackClock "0:00:07"]

1. e4 c5 2. Nf3 Nf6 3. e5 Nd5 4. Nc3 Nxc3 5. dxc3 Nc6 6. Bc4 e6 7. Bf4 Qc7 8. Qd2 h6 9. h4 b6 10. O-O-O Rb8 11. Qe2 Na5 12. Bd3 c4 13. Be4 b5 14. Rd6 Nb7 15. Bxb7 Bxb7 16. Rhd1 Bxf3 17. Qxf3 Bxd6 18. Rxd6 b4 19. Qg3 Rg8 20. cxb4 Rxb4 21. Bd2 Rb5 22. Bxh6 c3 23. b3 Qc5 24. Bxg7 Qa3+ 25. Kd1 Qb2 26. h5 Qb1+ 27. Ke2 Qxc2+ 28. Kf1 Qb1+ 29. Ke2 c2 30. Rxd7 c1=Q 31. Rd8+ Kxd8 32. Bf6+ Kc7 33. Qxg8 Qe4# 0-1

[Event "December 5 Early 2023"]
[Site "https://www.chess.com"]
[Date "2023.12.05"]
[Round "5"]
[White "Sychev, Klementy"]
[Black "Martin Fuentes, Alberto"]
[Result "1-0"]
[Board "35"]
[TimeControl "180+1"]
[WhiteFideId "4114060"]
[BlackFideId "2292289"]
[WhiteElo "2892"]
[BlackElo "2618"]
[WhiteTeam "FID"]
[BlackTeam "ESP"]
[WhiteClock "0:00:02"]
[BlackClock "0:00:12"]

1. e4 e6 2. d4 d5 3. e5 c5 4. c3 Qb6 5. Nf3 Bd7 6. Bd3 Bb5 7. dxc5 Bxc5 8. b4 Bf8 9. Be3 Qa6 10. Bc2 Ne7 11. a4 Bc4 12. Na3 Nd7 13. Nb5 Bxb5 14. axb5 Qxb5 15. Bd3 Qc6 16. Qd2 Ng6 17. Nd4 Qc8 18. f4 Be7 19. f5 exf5 20. O-O O-O 21. Nxf5 Ndxe5 22. Bd4 Bf6 23. Nh6+ Kh8 24. Rxf6 gxf6 25. Rf1 Qc6 26. h3 Rae8 27. Qf2 Re6 28. Bf5 Kg7 29. Ng4 Nxg4 30. hxg4 Re5 31. g5 Rfe8 32. Bxg6 fxg6 33. gxf6+ Kf7 34. Bxe5 Rxe5 35. Qxa7 Rf5 36. Rxf5 gxf5 37. Qb8 Kxf6 38. Qh8+ Kg6 39. Qg8+ Kh6 40. Qf8+ Kg5 41. Qg8+ Kf4 42. Qg7 Ke4 43. Qd4# 1-0

[Event "December 5 Early 2023"]
[Site "https://www.chess.com"]
[Date "2023.12.05"]
[Round "5"]
[White "Guliev, Logman"]
[Black "Harutjunyan, Gevorg"]
[Result "0-1"]
[Board "36"]
[TimeControl "180+1"]
[WhiteFideId "13400061"]
[BlackFideId "13300873"]
[WhiteElo "2617"]
[BlackElo "2887"]
[WhiteTeam "AZE"]
[BlackTeam "ARM"]
[WhiteClock "0:00:00"]
[BlackClock "0:01:02"]

1. e4 c6 2. d4 d5 3. exd5 cxd5 4. c4 Nf6 5. Nc3 Nc6 6. Nf3 Be6 7. c5 g6 8. Bb5 Bg7 9. Ne5 Qc8 10. Qa4 Bd7 11. Nxd7 Qxd7 12. O-O O-O 13. Re1 a6 14. Bxc6 bxc6 15. Bf4 Nh5 16. Bg5 f6 17. Be3 e5 18. dxe5 fxe5 19. Rad1 Qb7 20. Bc1 e4 21. Ne2 Rf7 22. Nd4 Bxd4 23. Qxd4 Ng7 24. b3 Re8 25. Bb2 h5 26. f3 Rfe7 27. Re3 Kh7 28. Rde1 Nf5 29. Qf6 Nxe3 30. Rxe3 exf3 31. Rxf3 Re1+ 32. Rf1 Qe7 0-1

[Event "December 5 Early 2023"]
[Site "https://www.chess.com"]
[Date "2023.12.05"]
[Round "5"]
[White "Golubev, Mikhail"]
[Black "Xu, Yi"]
[Result "0-1"]
[Board "37"]
[TimeControl "180+1"]
[WhiteFideId "14100983"]
[BlackFideId "8605564"]
[WhiteElo "2611"]
[BlackElo "2857"]
[WhiteTeam "UKR"]
[BlackTeam "CHN"]
[WhiteClock "0:00:00"]
[BlackClock "0:00:28"]

1. e4 c5 2. Nf3 Nc6 3. Nc3 e6 4. d4 cxd4 5. Nxd4 Nf6 6. a3 d6 7. Bc4 a6 8. O-O Be7 9. Be3 O-O 10. Ba2 Nxd4 11. Bxd4 b5 12. f4 Bb7 13. Qd3 Rc8 14. Rae1 Nd7 15. f5 e5 16. Bf2 Nc5 17. Bxc5 dxc5 18. Bd5 c4 19. Qf3 Bc5+ 20. Kh1 Bxd5 21. Nxd5 f6 22. Rd1 Qe8 23. c3 Qf7 24. Rd2 h6 25. g4 Rc6 26. h4 Rd6 27. Rfd1 Rfd8 28. Rg2 Kf8 29. Rh2 Ke8 30. g5 hxg5 31. hxg5 fxg5 32. Qg3 Rxd5 33. Rh8+ Ke7 34. Rxd8 Rxd1+ 35. Rxd1 Qh5+ 36. Kg2 Qe2+ 37. Kh3 Qxd1 38. Qxe5+ Kf7 39. Qe6+ Kf8 40. Qc8+ Ke7 41. Qxc5+ Kf6 42. Qf8+ Ke5 43. Qe7+ Kf4 44. Qc7+ Kxe4 45. Qe7+ Kxf5 46. Qf7+ Ke4 47. Qe7+ Kd3 0-1

[Event "December 5 Early 2023"]
[Site "https://www.chess.com"]
[Date "2023.12.05"]
[Round "5"]
[White "Movsesian, Sergei"]
[Black "Aswath, S"]
[Result "1-0"]
[Board "38"]
[TimeControl "180+1"]
[WhiteFideId "310204"]
[BlackFideId "46694919"]
[WhiteElo "2846"]
[BlackElo "2610"]
[WhiteTeam "ARM"]
[BlackTeam "IND"]
[WhiteClock "0:00:15"]
[BlackClock "0:00:01"]

1. e4 c5 2. Nf3 d6 3. Nc3 Nf6 4. d4 cxd4 5. Qxd4 Nc6 6. Bb5 Bd7 7. Bxc6 Bxc6 8. Bg5 e6 9. Qd3 Be7 10. O-O-O Qc7 11. h4 h6 12. Bf4 e5 13. Be3 O-O 14. Kb1 Rfd8 15. Bg5 hxg5 16. hxg5 Ng4 17. Qe2 b5 18. Rh4 b4 19. Rdh1 Nh6 20. Nd5 Bxd5 21. exd5 Rac8 22. R4h3 Qc4 23. Qd2 e4 24. gxh6 g6 25. h7+ Kh8 26. Ng5 e3 27. Nxf7+ Kg7 28. Rxe3 Kxf7 29. b3 Qc5 30. Qe2 Bf6 31. Re7+ Bxe7 32. Qe6+ Kg7 33. Qxe7+ Kh8 34. Qf6# 1-0

[Event "December 5 Early 2023"]
[Site "https://www.chess.com"]
[Date "2023.12.05"]
[Round "5"]
[White "Olenik Campa, Rudi"]
[Black "Finek, Vaclav"]
[Result "0-1"]
[Board "39"]
[TimeControl "180+1"]
[WhiteFideId "14633264"]
[BlackFideId "23718293"]
[WhiteElo "2608"]
[BlackElo "2837"]
[WhiteTeam "SLO"]
[BlackTeam "CZE"]
[WhiteClock "0:00:04"]
[BlackClock "0:00:35"]

1. e4 c5 2. Nf3 g6 3. c3 Bg7 4. d4 cxd4 5. cxd4 d5 6. e5 Nh6 7. Nc3 O-O 8. h3 f6 9. exf6 Rxf6 10. Be2 Nc6 11. O-O Rf8 12. Bg5 Nf5 13. Be3 Kh8 14. Rc1 Be6 15. Qd2 Bg8 16. Bb5 Nxe3 17. Qxe3 Rc8 18. Rfe1 e6 19. h4 Rxf3 20. Qxf3 Nxd4 21. Qf4 Rxc3 22. Rxc3 Nxb5 23. Rb3 Nd6 24. h5 gxh5 25. Rh3 Bf7 26. b3 Nf5 27. g3 h6 28. Qf3 Kh7 29. Kh2 Qg5 30. a4 Qg4 31. Qg2 Nd4 32. Kh1 Nxb3 33. Rh4 Qg6 34. Qf3 Nd4 35. Qf4 e5 36. Qe3 Nf5 0-1

[Event "December 5 Early 2023"]
[Site "https://www.chess.com"]
[Date "2023.12.05"]
[Round "5"]
[White "Navarrete Mendez, Gonzalo Alberto"]
[Black "Klukin, Kirill"]
[Result "1/2-1/2"]
[Board "40"]
[TimeControl "180+1"]
[WhiteFideId "5106850"]
[BlackFideId "24199273"]
[WhiteElo "2601"]
[BlackElo "2836"]
[WhiteTeam "MEX"]
[BlackTeam "RUS"]
[WhiteClock "0:00:05"]
[BlackClock "0:00:06"]

1. e4 c5 2. Nf3 g6 3. Nc3 Bg7 4. Bc4 Nc6 5. O-O e6 6. d4 cxd4 7. Nb5 d6 8. Bg5 Bf6 9. Bf4 e5 10. Bd2 a6 11. Na3 b5 12. Bd5 Nge7 13. c3 dxc3 14. Bxc3 Nxd5 15. Qxd5 Bb7 16. Nc2 O-O 17. Rad1 Be7 18. Qd2 a5 19. b3 b4 20. Ba1 a4 21. Nxb4 axb3 22. axb3 Nxb4 23. Qxb4 Qc7 24. Rc1 Qd7 25. Rfd1 Rfc8 26. Rxc8+ Rxc8 27. Qe1 Qe6 28. Qe3 Qg4 29. Re1 h5 30. h3 Qe6 31. Qh6 Bf8 32. Qe3 Bg7 33. Ng5 Qe7 34. h4 Bc6 35. Qb6 Qb7 36. Qe3 Rb8 37. f3 Qxb3 38. Qc1 Qb7 39. Rd1 d5 40. exd5 Bxd5 41. Kh2 Re8 42. Qe3 e4 43. Bxg7 Kxg7 44. fxe4 Bxe4 45. Qd4+ Kg8 46. Rf1 Bf5 47. Rf4 Qc7 48. Qf2 Qe7 49. Qg3 Bg4 50. Nf3 Qd6 51. Rxg4 Qxg3+ 52. Rxg3 Re4 53. Rh3 Kg7 54. Rg3 Rf4 55. Kh3 Kh6 56. Ng5 Kg7 57. Nf3 f6 58. Nd2 Rd4 59. Nf3 Rf4 60. Kh2 Kh6 61. Rh3 g5 62. hxg5+ fxg5 63. Rg3 h4 64. Rxg5 Rxf3 65. gxf3 Kxg5 66. Kh3 Kf4 67. Kxh4 Kxf3 1/2-1/2

[Event "December 5 Early 2023"]
[Site "https://www.chess.com"]
[Date "2023.12.05"]
[Round "5"]
[White "Vakhlamov, Igor L."]
[Black "Chor, Kevin"]
[Result "1-0"]
[Board "41"]
[TimeControl "180+1"]
[WhiteFideId "24126748"]
[BlackFideId "2090740"]
[WhiteElo "2832"]
[BlackElo "2594"]
[WhiteTeam "RUS"]
[BlackTeam "USA"]
[WhiteClock "0:00:24"]
[BlackClock "0:00:07"]

1. e4 c5 2. Nf3 Nc6 3. Nc3 g6 4. d4 cxd4 5. Nxd4 Bg7 6. Nxc6 bxc6 7. Bc4 e6 8. O-O Ne7 9. Qd6 Bb7 10. Bg5 Nc8 11. Qd2 f6 12. Bh6 O-O 13. Rad1 d5 14. Rfe1 Nd6 15. Bb3 Qc7 16. exd5 exd5 17. Bxg7 Kxg7 18. Ne2 Rae8 19. Nf4 Ne4 20. Qe3 Bc8 21. Qf3 Re5 22. Nd3 Rg5 23. Qf4 Qb6 24. Qe3 Bf5 25. f3 Nd6 26. Qxb6 axb6 27. Re7+ Rf7 28. Rxf7+ Kxf7 29. h4 Rh5 30. g4 Rxh4 31. gxf5 Nxf5 32. a3 Nd4 33. Kg2 Nxb3 34. cxb3 Rd4 35. Kf2 h5 36. Ke3 c5 37. b4 h4 38. bxc5 bxc5 39. Rh1 Rc4 40. Kd2 g5 41. b3 Rd4 42. Ke3 f5 43. Nxc5 1-0

[Event "December 5 Early 2023"]
[Site "https://www.chess.com"]
[Date "2023.12.05"]
[Round "5"]
[White "Javakhadze, Zurab"]
[Black "Lund, Gunnar"]
[Result "1-0"]
[Board "42"]
[TimeControl "180+1"]
[WhiteFideId "13603647"]
[BlackFideId "1520814"]
[WhiteElo "2832"]
[BlackElo "2593"]
[WhiteTeam "GEO"]
[BlackTeam "NOR"]
[WhiteClock "0:00:05"]
[BlackClock "0:00:04"]

1. d4 d6 2. Nf3 Nf6 3. c4 Nbd7 4. Nc3 e5 5. Bg5 Be7 6. e3 O-O 7. Be2 c6 8. Qc2 Qc7 9. Bh4 Re8 10. O-O Bf8 11. dxe5 dxe5 12. Bg3 g6 13. Rfd1 Nc5 14. b4 Bf5 15. Qb2 Ncd7 16. c5 Bg7 17. Bc4 Be6 18. Qb3 b5 19. Bxe6 Rxe6 20. Ng5 Re7 21. a4 bxa4 22. Rxa4 h6 23. Nge4 Nxe4 24. Nxe4 Kh7 25. Ra6 f5 26. Nd6 Rb8 27. Qa4 Nf6 28. Rxc6 Qd7 29. Ra6 f4 30. Qxd7 Rxd7 31. exf4 exf4 32. Bxf4 Rxb4 33. Be3 Ng4 34. h3 Nxe3 35. fxe3 Rc7 36. Rd5 Rb3 37. Ne8 Re7 38. Nxg7 Kxg7 39. c6 Rbxe3 40. Rda5 Rc3 41. Rxa7 Rxa7 42. Rxa7+ Kf6 43. c7 Rc2 44. Kh2 h5 45. Kg3 g5 46. Kf3 Rc3+ 47. Ke4 Ke6 48. Ra6+ Kd7 49. Ra5 Rg3 50. Rc5 Kc8 51. Rc2 h4 52. Kf5 Ra3 53. Kxg5 Ra4 54. Kh5 Rd4 55. Rc5 Re4 56. Rg5 Kxc7 57. Rg4 Re2 58. Kxh4 Kd6 59. Kg3 Ke7 60. Rf4 Ke6 61. Rf3 Ra2 62. h4 Ra8 63. Kh3 Rh8 64. g4 Rh7 65. h5 Ra7 66. Kh4 Ra1 67. h6 Ra5 68. g5 Ra4+ 69. Kh5 Ra3 70. Rxa3 1-0

[Event "December 5 Early 2023"]
[Site "https://www.chess.com"]
[Date "2023.12.05"]
[Round "5"]
[White "Manukyan, Sargis A."]
[Black "Klekowski, Maciej"]
[Result "0-1"]
[Board "43"]
[TimeControl "180+1"]
[WhiteFideId "13303970"]
[BlackFideId "1132717"]
[WhiteElo "2574"]
[BlackElo "2831"]
[WhiteTeam "ARM"]
[BlackTeam "POL"]
[WhiteClock "0:00:01"]
[BlackClock "0:00:12"]

1. d4 Nf6 2. c4 d6 3. Nf3 Nbd7 4. Nc3 e5 5. e4 Be7 6. Be2 O-O 7. O-O Re8 8. Re1 c6 9. h3 Qc7 10. d5 a6 11. Bf1 cxd5 12. Nxd5 Nxd5 13. cxd5 b5 14. Be3 Bb7 15. Rc1 Qb8 16. Qd2 Bd8 17. Bg5 Bb6 18. Be3 Nc5 19. Bd3 Qa7 20. Bb1 Rac8 21. Nh4 g6 22. Bg5 Nd7 23. Bh6 a5 24. Nf5 Bxf2+ 25. Kh2 Bc5 26. Qg5 f6 27. Qg4 Rcd8 28. Rf1 Bc8 29. Nh4 Nf8 30. Qg3 Qe7 31. Rc3 Kh8 32. Rcf3 Nd7 33. a3 Rg8 34. Bd2 a4 35. Qe1 Rdf8 36. g4 Nb6 37. Bh6 Rf7 38. Qe2 Nc4 39. Bd3 f5 40. exf5 Qxh4 41. fxg6 Rxf3 42. g7+ Rxg7 43. Bxg7+ Kxg7 44. Qxf3 Qe7 45. Qe4 Kg8 46. Bxc4 bxc4 47. Qxc4 Bd7 48. Qa6 Be8 49. Qc8 Kg7 50. Qf5 Bg6 51. Qf3 e4 52. Qc3+ Kg8 53. Kg2 e3 54. Qc4 Qe4+ 55. Qxe4 Bxe4+ 56. Kg3 Bxd5 57. Rf4 e2 0-1

[Event "December 5 Early 2023"]
[Site "https://www.chess.com"]
[Date "2023.12.05"]
[Round "5"]
[White "1mbl4"]
[Black "Klimkowski, Jan"]
[Result "0-1"]
[Board "44"]
[TimeControl "180+1"]
[BlackFideId "21856222"]
[WhiteElo "2566"]
[BlackElo "2821"]
[BlackTeam "POL"]
[WhiteClock "0:00:00"]
[BlackClock "0:00:17"]

1. d4 Nf6 2. Bf4 d5 3. Nc3 e6 4. Nb5 Bb4+ 5. c3 Ba5 6. a4 Nc6 7. b4 a6 8. bxa5 axb5 9. axb5 Nxa5 10. e3 O-O 11. Nf3 Bd7 12. Bd3 Ne4 13. O-O c5 14. bxc6 Bxc6 15. Qc2 h6 16. Ne5 Nd6 17. Nxc6 bxc6 18. Bxd6 Qxd6 19. c4 f5 20. c5 Qc7 21. Rfb1 f4 22. Rb6 e5 23. Qc3 fxe3 24. fxe3 exd4 25. Qxd4 Qe7 26. Ba6 Rxa6 27. Rxa6 Nb3 28. Ra7 Qg5 29. h4 Qg3 30. Qc3 Qf2+ 31. Kh2 Qxh4+ 32. Kg1 Qf2+ 33. Kh2 Rf6 34. Qxb3 Rg6 35. Ra8+ Kh7 0-1

[Event "December 5 Early 2023"]
[Site "https://www.chess.com"]
[Date "2023.12.05"]
[Round "5"]
[White "BestStelker"]
[Black "Teterev, Vitaly"]
[Result "1-0"]
[Board "45"]
[TimeControl "180+1"]
[BlackFideId "13501429"]
[WhiteElo "2819"]
[BlackElo "2573"]
[BlackTeam "BLR"]
[WhiteClock "0:00:04"]
[BlackClock "0:00:00"]

1. d4 Nf6 2. Nf3 g6 3. g3 Bg7 4. Bg2 O-O 5. O-O d5 6. Nbd2 Nc6 7. Nb3 Bf5 8. Bf4 a5 9. Nc5 b6 10. Nd3 Ne4 11. Nde5 Na7 12. Rc1 f6 13. Nd3 g5 14. Be3 Be6 15. Nd2 Nxd2 16. Qxd2 Nb5 17. f4 Nd6 18. b3 g4 19. f5 Nxf5 20. Nf4 Qd6 21. c4 c6 22. Qd3 Nxe3 23. Qxe3 Bf7 24. Nd3 dxc4 25. bxc4 Rad8 26. Rf4 h5 27. c5 bxc5 28. dxc5 Qe6 29. Re4 Qxa2 30. Rxe7 Rfe8 31. Bxc6 Rxe7 32. Qxe7 Rc8 33. Bd7 Rf8 34. c6 Qd5 35. c7 Bh6 36. c8=Q Be3+ 37. Qxe3 Rxc8 38. Rxc8+ Kg7 39. Bc6 Qc4 40. Bb7 Qb3 41. Rc7 a4 42. Qe7 a3 43. Qxf7+ Qxf7 44. Rxf7+ Kxf7 45. Bd5+ 1-0

[Event "December 5 Early 2023"]
[Site "https://www.chess.com"]
[Date "2023.12.05"]
[Round "5"]
[White "Bocharov, Dmitry"]
[Black "Mortazavi, Ali"]
[Result "1-0"]
[Board "46"]
[TimeControl "180+1"]
[WhiteFideId "4138716"]
[BlackFideId "401323"]
[WhiteElo "2814"]
[BlackElo "2565"]
[WhiteTeam "RUS"]
[BlackTeam "ENG"]
[WhiteClock "0:01:08"]
[BlackClock "0:00:22"]

1. c4 Nf6 2. g3 g6 3. Bg2 Bg7 4. d4 O-O 5. Nc3 d6 6. Nf3 Nbd7 7. O-O e5 8. e4 c6 9. h3 Qa5 10. Be3 Nb6 11. Qe2 exd4 12. Bxd4 Re8 13. Qd3 Qb4 14. b3 c5 15. Be3 Be6 16. Rfc1 Rad8 17. Bd2 Nxc4 18. bxc4 Bxc4 19. Qc2 Qa3 20. Rab1 Qa6 21. a4 Bd3 22. Qb3 Bxb1 23. Rxb1 Nxe4 24. Nxe4 Rxe4 25. Ng5 Re7 26. Bxb7 Qe2 27. Re1 Qxd2 28. Rxe7 Qc1+ 29. Kg2 c4 30. Qf3 Rf8 31. Rxf7 Qxg5 32. Bd5 1-0

[Event "December 5 Early 2023"]
[Site "https://www.chess.com"]
[Date "2023.12.05"]
[Round "5"]
[White "Kozlov, Gennady"]
[Black "Yeremyan, Alen"]
[Result "1-0"]
[Board "47"]
[TimeControl "180+1"]
[WhiteFideId "4191668"]
[BlackFideId "13308998"]
[WhiteElo "2559"]
[BlackElo "2811"]
[WhiteTeam "ESP"]
[BlackTeam "ARM"]
[WhiteClock "0:01:27"]
[BlackClock "0:00:07"]

1. b3 Nf6 2. Bb2 g6 3. e3 Bg7 4. f4 O-O 5. Nf3 d6 6. Be2 e5 7. fxe5 Ng4 8. O-O Nxe5 9. Nxe5 dxe5 10. Nc3 h6 11. e4 Be6 12. d3 Nc6 13. Bg4 f5 14. exf5 gxf5 15. Bf3 Rb8 16. Bxc6 bxc6 17. Rb1 Qg5 18. Qf3 e4 19. dxe4 f4 20. h3 Rbd8 21. Rbd1 h5 22. Na4 Bg4 23. hxg4 hxg4 24. Qf2 g3 25. Qf3 Bxb2 26. Nxb2 Qc5+ 27. Kh1 Qg5 28. Rfe1 Rxd1 29. Rxd1 Rf6 30. e5 Rh6+ 31. Kg1 Qxe5 32. Nd3 Qd4+ 33. Kf1 Rf6 34. Re1 Kf8 35. Qh5 Rf7 36. Qe5 Qd8 37. Qh8# 1-0

[Event "December 5 Early 2023"]
[Site "https://www.chess.com"]
[Date "2023.12.05"]
[Round "5"]
[White "Dragun, Kamil"]
[Black "Shuvalov, Evgenij"]
[Result "1-0"]
[Board "48"]
[TimeControl "180+1"]
[WhiteFideId "1134167"]
[BlackFideId "4187237"]
[WhiteElo "2808"]
[BlackElo "2561"]
[WhiteTeam "POL"]
[BlackTeam "FID"]
[WhiteClock "0:01:06"]
[BlackClock "0:00:08"]

1. d4 Nf6 2. c4 g6 3. Nc3 d5 4. Nf3 Bg7 5. Qb3 dxc4 6. Qxc4 O-O 7. e4 Nc6 8. Be2 e5 9. d5 Nd4 10. Nxd4 exd4 11. Qxd4 c6 12. Qc4 b5 13. Qxc6 Bd7 14. Qd6 Re8 15. e5 b4 16. Qxb4 Rxe5 17. O-O Nxd5 18. Nxd5 Rxd5 19. Bf3 Rb8 20. Qxb8 Qxb8 21. Bxd5 Qe5 22. Bf3 g5 23. Be3 g4 24. Ba8 Qxb2 25. Rad1 Qb5 26. Rd5 Qb8 27. Rxd7 Qxa8 28. Bg5 f6 29. Be3 a5 30. Rfd1 Qe4 31. Ra7 Qc2 32. Rc1 Qxa2 33. h3 Qe6 34. Rcc7 Bf8 35. Ra8 gxh3 36. Rcc8 Qg4 37. Rxf8+ Kg7 38. Rg8+ Kf7 39. Rxg4 1-0

[Event "December 5 Early 2023"]
[Site "https://www.chess.com"]
[Date "2023.12.05"]
[Round "5"]
[White "Santos Flores, Alberto"]
[Black "Miladinovic, Igor"]
[Result "1/2-1/2"]
[Board "49"]
[TimeControl "180+1"]
[WhiteFideId "3601234"]
[BlackFideId "4203380"]
[WhiteElo "2557"]
[BlackElo "2800"]
[WhiteTeam "ECU"]
[BlackTeam "SRB"]
[WhiteClock "0:00:09"]
[BlackClock "0:00:10"]

1. e4 c6 2. c4 d5 3. exd5 cxd5 4. cxd5 Nf6 5. Qa4+ Nbd7 6. Bc4 g6 7. Nc3 Bg7 8. Nf3 O-O 9. d3 a6 10. Qa3 Nb6 11. Qb3 Nxc4 12. dxc4 b5 13. cxb5 axb5 14. O-O Qa5 15. Rd1 b4 16. Ne2 Bb7 17. Nf4 Rfd8 18. Bd2 Nxd5 19. Nxd5 Bxd5 20. Qxb4 Qxb4 21. Bxb4 e6 22. Bc3 Bxc3 23. bxc3 Rdc8 24. Rdc1 Bxa2 25. Nd2 Bd5 26. Rxa8 Rxa8 27. c4 Bc6 28. f3 Ra3 29. Kf2 Kf8 30. Rb1 Ke7 31. Rb8 h5 32. h4 Rd3 33. Ke2 Rd4 34. g3 Rd7 35. Ke3 Ra7 36. Rc8 Bd7 37. Rb8 Ra3+ 38. Ke2 Ra1 39. Rb7 Kd6 40. Rb8 Ra2 41. Ke3 Bc6 42. Rf8 Ke7 43. Rc8 Bd7 44. Rb8 e5 45. Rb6 Ra3+ 46. Ke2 Bf5 47. Rb7+ Kf8 48. Rc7 Rc3 49. c5 Ke8 50. Kf2 f6 51. Ne4 Bxe4 52. fxe4 f5 53. exf5 gxf5 54. Rh7 Rxc5 55. Rxh5 e4 56. Ke3 Rc3+ 57. Ke2 Rf3 58. Rg5 Kf7 59. h5 Kf6 60. Rg6+ Kf7 61. Rg5 Kf6 62. Rg6+ Ke5 63. h6 Ra3 64. h7 Ra2+ 65. Ke3 Rh2 66. Rg5 Rxh7 67. g4 Rh3+ 68. Ke2 Kd4 69. Rxf5 Rh2+ 70. Rf2 Rh8 71. Rg2 Ra8 72. g5 Ra2+ 73. Kf1 Ra1+ 74. Kf2 e3+ 75. Kf3 Kd3 76. Kg4 e2 77. Rxe2 Kxe2 78. g6 Ke3 79. Kf5 Ra5+ 80. Kf6 Ra6+ 81. Kf7 Kf4 82. g7 Ra7+ 83. Kf8 Ra8+ 84. Kf7 Kf5 85. g8=Q Rxg8 86. Kxg8 1/2-1/2

[Event "December 5 Early 2023"]
[Site "https://www.chess.com"]
[Date "2023.12.05"]
[Round "5"]
[White "Skvortsov, Andrei"]
[Black "Tifferet, Shakked"]
[Result "0-1"]
[Board "50"]
[TimeControl "180+1"]
[WhiteFideId "24108600"]
[BlackFideId "2811529"]
[WhiteElo "2794"]
[BlackElo "2556"]
[WhiteTeam "MNE"]
[BlackTeam "ISR"]
[WhiteClock "0:00:05"]
[BlackClock "0:00:01"]

1. e4 e5 2. d4 exd4 3. Qxd4 Nc6 4. Qd3 d6 5. Nc3 g6 6. Nf3 Bg7 7. Bg5 Nge7 8. O-O-O h6 9. Bh4 Be6 10. Nd5 g5 11. Bg3 Qd7 12. c3 O-O-O 13. h4 g4 14. Nd2 Ne5 15. Qb5 c6 16. Nxe7+ Qxe7 17. Qa5 Kb8 18. Be2 h5 19. Bf4 Qc7 20. Qxc7+ Kxc7 21. Kb1 Rd7 22. g3 Ng6 23. Be3 a6 24. Kc2 d5 25. exd5 Bf5+ 26. Kc1 Rxd5 27. Bc4 Rd7 28. Nb3 Rxd1+ 29. Rxd1 Ne5 30. Bf4 Kc8 31. Bxe5 Bxe5 32. Bxf7 Rf8 33. Bxh5 b6 34. Nd4 Bd7 35. Re1 Bxd4 36. cxd4 Rxf2 37. Re4 Rg2 38. Bxg4 Rxg3 39. Bxd7+ Kxd7 40. Rf4 Rg2 41. a4 a5 42. Rf5 Rg4 43. h5 Rxd4 44. b3 Rh4 45. Rg5 Rh2 46. Kb1 Kc7 47. Rg7+ Kd6 48. Rg5 Kc7 49. Kc1 Kb7 50. Kd1 Ka6 51. Ke1 b5 52. Kf1 Rh3 53. Kg2 Rxb3 54. h6 Rb4 55. Rh5 Rg4+ 56. Kf3 Rg8 57. h7 Rh8 58. Ke4 bxa4 59. Kf5 Kb5 60. Kg6+ Kb4 61. Rh4+ Kb3 62. Rh3+ Kb4 63. Rh4+ Kb5 64. Kg7 Rxh7+ 65. Kxh7 c5 66. Kg6 a3 67. Kf5 a2 68. Rh1 Kb4 69. Ke4 Kb3 70. Kd3 c4+ 71. Kd2 Kb2 72. Rc1 a4 73. Rc2+ Kb3 74. Rc3+ Kb2 75. Rc2+ Kb3 76. Rc1 a3 77. Rc3+ Kb2 78. Rc2+ Kb3 79. Rc1 Kb2 80. Rxc4 a1=Q 81. Rb4+ Ka2 82. Kc2 Qb2+ 83. Kd3 Qxb4 0-1

[Event "December 5 Early 2023"]
[Site "https://www.chess.com"]
[Date "2023.12.05"]
[Round "5"]
[White "Weetik, Vjacheslav"]
[Black "Yelisieiev, Yevhenii"]
[Result "1-0"]
[Board "51"]
[TimeControl "180+1"]
[WhiteFideId "4153472"]
[BlackFideId "14139642"]
[WhiteElo "2793"]
[BlackElo "2546"]
[WhiteTeam "RUS"]
[BlackTeam "GER"]
[WhiteClock "0:00:14"]
[BlackClock "0:00:04"]

1. e4 d6 2. d4 Nf6 3. Nc3 e5 4. Nf3 Nbd7 5. Bc4 Be7 6. O-O O-O 7. Re1 c6 8. a4 a5 9. h3 Nb6 10. Bf1 exd4 11. Qxd4 d5 12. exd5 Nfxd5 13. Ne4 Nb4 14. Qc3 N6d5 15. Qb3 Be6 16. Neg5 Bf5 17. Re2 h6 18. Ne4 Re8 19. Ng3 Be6 20. Rxe6 fxe6 21. c3 Na6 22. Qxb7 Qb6 23. Qxb6 Nxb6 24. Nd4 Nc5 25. Nxc6 Bf6 26. Bb5 e5 27. Be3 Nbd7 28. Rd1 Rec8 29. Nf5 Kh7 30. Nce7 Rc7 31. Nd5 Rcc8 32. h4 h5 33. Nde7 Rc7 34. Nd5 Rcc8 35. g3 g6 36. Nd6 Rc7 37. Kg2 Bg7 38. Nf7 Rcc8 39. Ng5+ Kh8 40. Ne7 Rd8 41. Nxg6+ Kg8 42. Bc4+ Ne6 43. Bxe6# 1-0

[Event "December 5 Early 2023"]
[Site "https://www.chess.com"]
[Date "2023.12.05"]
[Round "5"]
[White "Dragnev, Valentin"]
[Black "Chernomordik, Pavel"]
[Result "1-0"]
[Board "52"]
[TimeControl "180+1"]
[WhiteFideId "1634852"]
[BlackFideId "2804530"]
[WhiteElo "2792"]
[BlackElo "2537"]
[WhiteTeam "AUT"]
[BlackTeam "ISR"]
[WhiteClock "0:00:52"]
[BlackClock "0:00:43"]

1. d4 g6 2. Nf3 Bg7 3. e4 d6 4. Be3 Nf6 5. Nc3 O-O 6. Qd2 b6 7. Bh6 Bb7 8. Bd3 c5 9. h4 c4 10. Bxc4 Nxe4 11. Nxe4 Bxe4 12. h5 gxh5 13. Bxg7 Kxg7 14. Rxh5 Bg6 15. Qh6+ Kg8 16. Ng5 e5 17. Nxh7 d5 18. Bxd5 Qd6 19. Nxf8 1-0

[Event "December 5 Early 2023"]
[Site "https://www.chess.com"]
[Date "2023.12.05"]
[Round "5"]
[White "Sreyas Payyappat"]
[Black "Albornoz Cabrera, Carlos Daniel"]
[Result "0-1"]
[Board "53"]
[TimeControl "180+1"]
[WhiteFideId "46674969"]
[BlackFideId "3518736"]
[WhiteElo "2509"]
[BlackElo "2777"]
[WhiteTeam "IND"]
[BlackTeam "CUB"]
[WhiteClock "0:00:03"]
[BlackClock "0:00:56"]

1. e4 c5 2. Nf3 Nc6 3. d4 cxd4 4. Nxd4 Nf6 5. Nc3 e5 6. Ndb5 d6 7. Bg5 a6 8. Na3 b5 9. Nd5 Be7 10. Bxf6 Bxf6 11. c4 b4 12. Nc2 O-O 13. Ncxb4 Nxb4 14. Nxb4 Qb6 15. a3 a5 16. Nd5 Qxb2 17. Be2 Be6 18. Nxf6+ gxf6 19. O-O Rfd8 20. f4 exf4 21. Kh1 Qe5 22. Bd3 Rab8 23. Qd2 f3 24. gxf3 Rb2 25. Bc2 Bxc4 26. Rg1+ Kf8 27. Rad1 Ke7 28. f4 Qc5 29. Qc3 Rdb8 30. Rg2 Bf1 31. Qxc5 Bxg2+ 32. Kxg2 dxc5 33. Rd2 Rd8 0-1

[Event "December 5 Early 2023"]
[Site "https://www.chess.com"]
[Date "2023.12.05"]
[Round "5"]
[White "Kukreja Sankalp"]
[Black "Samunenkov, Ihor"]
[Result "1-0"]
[Board "54"]
[TimeControl "180+1"]
[WhiteFideId "45027676"]
[BlackFideId "14187086"]
[WhiteElo "2474"]
[BlackElo "2771"]
[WhiteTeam "IND"]
[BlackTeam "UKR"]
[WhiteClock "0:00:04"]
[BlackClock "0:00:00"]

1. e4 c6 2. d4 d5 3. exd5 cxd5 4. c4 Nf6 5. Nc3 Nc6 6. Nf3 Bg4 7. cxd5 Nxd5 8. Qb3 Bxf3 9. gxf3 e6 10. Qxb7 Nxd4 11. Bb5+ Nxb5 12. Qc6+ Ke7 13. Qc5+ Nd6 14. Nxd5+ exd5 15. O-O Qb6 16. Qxd5 Qb7 17. Qe5+ Kd7 18. Rd1 Re8 19. Qf4 Qb5 20. Be3 Re6 21. Qxf7+ Be7 22. Rac1 Rf8 23. Rc7+ Kxc7 24. Qxe6 Qd7 25. Rc1+ Kd8 26. Qd5 Qf5 27. Qa8+ Kd7 28. Qxa7+ Ke6 29. Qd4 Qxf3 30. Rc5 Kf7 31. Re5 1-0